 Dungeon Crawl Stone Soup version 0.24-a0-176-gc3651c4 (webtiles) character file.

Game seed: 8245757768489173031

3103 emperorscorpion the Cleaver (level 9, -16/82 HPs)
             Began as a Minotaur Berserker on Mar 12, 2019.
             Was a Priest of Trog.
             Demolished by a tyrant leech (26 damage)
             ... on level 2 of the Lair of Beasts.
             The game lasted 00:09:54 (1493 turns).

emperorscorpion the Cleaver (Minotaur Berserker)    Turns: 1493, Time: 00:09:55

Health: -16/82     AC:  8    Str: 25    XL:     9   Next: 59%
Magic:  8/8        EV: 12    Int:  4    God:    Trog [***...]
Gold:   164        SH:  0    Dex: 10    Spells: 8/8 levels left

rFire    . . .     SeeInvis .   v - +2 hand axe (curse)
rCold    . . .     Gourm    .   (no shield)
rNeg     . . .     Faith    .   e - +0 scale mail
rPois    .         Spirit   .   (helmet restricted)
rElec    .         Reflect  .   (no cloak)
rCorr    .         Harm     .   (no gloves)
MR       .....                  (no boots)
Stlth    +.........             (no amulet)
HPRegen  0.23/turn              r - ring of stealth
MPRegen  0.11/turn              (no ring)

@: berserk cooldown, starving, slowed, very slow
A: retaliatory headbutt, horns 2
a: Berserk, Trog's Hand, Renounce Religion


You were on level 2 of the Lair of Beasts.
You worshipped Trog.
Trog was most pleased with you.
You were starving.

You visited 2 branches of the dungeon, and saw 11 of its levels.

You collected 164 gold pieces.

Inventory:

Hand Weapons
 a - a +0 hand axe
 d - a +0 trident
 p - a +0 blowgun
 v - a cursed +2 hand axe (weapon)
Missiles
 m - 16 poisoned needles
 o - 4 curare-tipped needles
Armour
 b - a +0 animal skin
 e - a +0 scale mail (worn)
 l - a +0 chain mail
Jewellery
 r - a ring of stealth (left hand)
Wands
 j - a wand of flame (16)
 w - a wand of disintegration (6)
Scrolls
 n - 2 scrolls of identify
 t - 2 scrolls of immolation {unknown}
 u - 2 scrolls of remove curse {unknown}
 y - a scroll of teleportation {unknown}
Potions
 f - a potion of brilliance {unknown}
 i - 4 potions of curing {unknown}
 s - a potion of degeneration {unknown}
Miscellaneous
 g - a crystal ball of energy
Comestibles
 c - 5 rations


   Skills:
 + Level 8.7 Fighting
 + Level 11.0 Axes
 + Level 8.4 Armour
 + Level 4.6 Dodging
 + Level 0.3 Stealth


You had 8 spell levels left.
You didn't know any spells.
Your spell library was empty.

Dungeon Overview and Level Annotations

Branches:
Dungeon (9/15)               Lair (2/6) D:9           Swamp (0/4) Lair:2
 Temple: D:4-7        Snake: Lair:2-4    Spider: Lair:2-4       Orc: D:9-12

Altars:
Ashenzari
Cheibriados
Gozag
Makhleb


Innate Abilities, Weirdness & Mutations

You reflexively headbutt those who attack you in melee.
You have a pair of horns on your head.


Message History

The tyrant leech draws strength from your injuries!
The tyrant leech bites you!!
The tyrant leech draws strength from your injuries!
You can move again.
Unknown command.
Unknown command.
Unknown command.
Evoke which item? (* to show all) (? for menu, Esc to quit)
Aiming: Disintegrate
Press: ? - help, Shift-Dir - straight line, f - tyrant leech
Aim: a tyrant leech (severely wounded, chance to defeat MR: 48%)
The tyrant leech is blasted!
The tyrant leech bites you!!
* * * LOW HITPOINT WARNING * * *
The tyrant leech draws strength from your injuries!
Evoke which item? (* to show all) (? for menu, Esc to quit)
Aiming: Disintegrate
Press: ? - help, Shift-Dir - straight line, f/p - tyrant leech
Aim: a tyrant leech (severely wounded, chance to defeat MR: 48%)
The tyrant leech is blasted!
The tyrant leech bites you!!
You die...

,,* **,,>,* ##P*##.....# ,,**
****** #**#P.....# ,,,* **≈≈≈**
##.....# ,,** *≈≈≈≈≈* ##.....#
,,* ♣≈≈>≈** #......# ,,* ***
**♣§≈≈≈* ###.....##
,,***,****,*♣≈≈*♣♣#####.......P#
,,,,,,,,,...♣♣.♣♣.............##
,,,,,,,,,......w@.............#
,,,,*,,*,..##.####.#..........#*
,,,,,,,,,,,**** ###...........#
,,*,,,,,,,,,* #..........##
,,*,*,,,,,,** #..........#*
,,*,*,,,,,,* *#.##........*
,,*,*,,,,,,**** **...####....#*
,,*,,,,,,+,**,****.#..* *....**
,,+,,,****,,,,,,,,,,,** *,,,,,*


You could see a tyrant leech.

Vanquished Creatures
  A two-headed ogre (D:8)
  2 blink frogs (Lair:2)
  A hungry ghost (D:9)
  3 wargs (D:9)
  A porcupine (Lair:1)
  A black bear (D:6)
  An ice beast (D:7)
  A phantom (D:9)
  A necrophage (D:9)
  4 ogres
  A bullfrog (D:8)
  2 big kobolds
  A water moccasin skeleton (D:9)
  3 wights (D:9)
  2 crimson imps (D:7)
  A hound (D:7)
  A jelly (D:7)
  4 orc priests
  Terence (D:2)
  2 orc wizards (D:9)
  2 worker ants
  A hound zombie (D:5)
  4 adders
  A leopard gecko (D:6)
  7 orcs
  A bat (D:2)
  2 giant cockroaches
  A goblin (D:2)
  A hobgoblin (D:2)
  7 kobolds
  3 quokkas
  5 frilled lizards
  A jackal skeleton (D:7)
70 creatures vanquished.

Notes
Turn   | Place    | Note
-------+----------+-------------------------------------------
     0 | D:1      | emperorscorpion the Minotaur Berserker began the quest for
                  | the Orb.
     0 | D:1      | Reached XP level 1. HP: 19/19 MP: 0/0
    14 | D:2      | Noticed Terence
    30 | D:2      | Killed Terence
    30 | D:2      | Reached skill level 4 in Axes
    30 | D:2      | Reached XP level 2. HP: 27/27 MP: 1/1
    30 | D:2      | Reached XP level 3. HP: 33/33 MP: 2/2
   173 | D:4      | Noticed an ogre
   178 | D:4      | Killed an ogre
   178 | D:4      | Reached skill level 5 in Axes
   178 | D:4      | Reached XP level 4. HP: 41/41 MP: 3/3
   185 | D:4      | Noticed an ogre
   194 | D:4      | Killed an ogre
   194 | D:4      | Reached skill level 5 in Fighting
   194 | D:4      | Reached XP level 5. HP: 24/48 MP: 4/4
   227 | D:5      | Entered Level 5 of the Dungeon
   267 | D:6      | Noticed a black bear
   275 | D:6      | Killed a black bear
   275 | D:6      | Reached skill level 6 in Axes
   275 | D:6      | Reached XP level 6. HP: 19/57 MP: 5/5
   461 | D:7      | Noticed an ice beast
   468 | D:7      | Killed an ice beast
   486 | D:7      | Found a snail-covered altar of Cheibriados.
   512 | D:6      | Noticed a sky beast
   550 | D:7      | Reached XP level 7. HP: 44/63 MP: 6/6
   554 | D:7      | Reached ** piety under Trog
   559 | D:7      | Reached skill level 7 in Axes
   650 | D:7      | Reached skill level 5 in Armour
   671 | D:7      | Found an opulent altar of Gozag.
   671 | D:7      | Found a shattered altar of Ashenzari.
   759 | D:8      | Noticed a two-headed ogre
   767 | D:8      | Killed a two-headed ogre
   767 | D:8      | Reached skill level 8 in Axes
   767 | D:8      | Reached XP level 8. HP: 36/73 MP: 7/7
   796 | D:8      | Reached skill level 9 in Axes
   922 | D:9      | Found a staircase to the Lair.
   928 | D:9      | Reached XP level 9. HP: 66/81 MP: 8/8
   940 | D:9      | Reached *** piety under Trog
   940 | D:9      | Reached skill level 10 in Axes
  1138 | D:8      | Found a burning altar of Makhleb.
  1264 | Lair:1   | Entered Level 1 of the Lair of Beasts
  1377 | Lair:2   | Noticed a spiny frog
  1403 | Lair:1   | Reached skill level 11 in Axes
  1466 | Lair:2   | Noticed a tyrant leech
  1493 | Lair:2   | Demolished by a tyrant leech

Levels and vault maps discovered:
D:1:      minmay_arrival_split_and_join, layout_basic
D:2:      layout_rooms, minmay_tromino_i4, uniq_terence, uniq_crazy_yiuf_cottage
D:3:      layout_loops_corners
D:4:      layout_gridville, portal_sewer_entry_b, first_ration, minivault_5,
          uniq_eustachio
D:5:      layout_layer_cave, serial_shops, shop_fountains, basic_altar,
          minivault_26, chequers_serial_rivers_room_b, uniq_pikel
D:6:      layout_basic, minmay_temple_entry_enclosed_plants, minmay_mini_ossuary
D:7:      layout_loops_cross, palyth_temple_overflow_mages,
          nicolae_overflow_hidden_temple, gammafunk_temple_overflow_elements,
          uniq_menkaure
D:8:      layout_basic, basic_altar, grunt_ogre_cave
D:9:      layout_basic, erik_lair_orcish_takeover, serial_shops, shop
Lair:1:   layout_cave_pods
Lair:2:   layout_chaotic_city, minmay_swamp_entry_worms,
          portal_ice_cave_entry_pillars_2, minmay_stone_trees_medium,
          bobbens_dragon_lair_wall

Skill      XL: |  1  2  3  4  5  6  7  8  9 |
---------------+----------------------------+-----
Fighting       | 4 5 6 7 8 |  8.7
Axes           | 4 5 6 8 9 11 | 11.0
Armour         | 3 4 6 7 8 |  8.4
Dodging        | 3 4 |  4.6
Stealth        | |  0.3

Action                   |  1- 3 |  4- 6 |  7- 9 || total
-------------------------+-------+-------+-------++-------
Melee: Hand axe          |    32 |    45 |   139 ||   216
       Headbutt          |     3 |     6 |    25 ||    34
Invok: Berserk           |     2 |     3 |    10 ||    15
Evoke: Wand              |       |       |     2 ||     2
  Use: Scroll            |       |       |     4 ||     4
  Eat: Chunk             |       |     4 |    11 ||    15
Armor: Animal skin       |     6 |       |       ||     6
       Scale mail        |    12 |    23 |    33 ||    68
Dodge: Dodged            |    24 |    27 |    60 ||   111

Table legend:
 A = Non-vault XP
 B = Vault XP
 C = Vault XP percentage of total XP
 D = Non-vault monster count
 E = Vault monster count
 F = Vault count percentage of total count
                 A         B        C        D         E       F
            +---------+---------+-------+---------+---------+-------
      Total |    3710 |     723 |  16.3 |      60 |      10 |  14.3
            +---------+---------+-------+---------+---------+-------
        D:1 |       2 |       0 |   0.0 |       1 |       0 |   0.0
        D:2 |      30 |      36 |  54.5 |      11 |       1 |   8.3
        D:3 |       1 |       0 |   0.0 |       1 |       0 |   0.0
        D:4 |     239 |       0 |   0.0 |       3 |       0 |   0.0
        D:5 |      46 |       0 |   0.0 |       3 |       0 |   0.0
        D:6 |     138 |       0 |   0.0 |       3 |       0 |   0.0
        D:7 |     699 |       0 |   0.0 |      14 |       0 |   0.0
        D:8 |    1095 |       0 |   0.0 |      10 |       0 |   0.0
        D:9 |     806 |     687 |  46.0 |      11 |       9 |  45.0
     Lair:1 |     145 |       0 |   0.0 |       1 |       0 |   0.0
     Lair:2 |     509 |       0 |   0.0 |       2 |       0 |   0.0
            +---------+---------+-------+---------+---------+-------
